cohdb
Replays
Latest Replays
All Replays
Popular Replays
Top Player Replays
Match Explorer
How It Works
Community
CoH3 Stats
Reddit
Sign in to upload your games and track your stats! →
Sign in with Steam
Match 41273953
Unlisted
Match 41273953
Overview
Messages
Build Orders
End
Construct Section Command Post
Selects Australian Defense Battlegroup
Selects Australian Light Infantry Section
Infantry Section
Dingo Light Scout Car
Grenade Package
Infantry Section
ML 3-inch Mortar Team
Selects 2-pounder Anti-tank Gun Team
Construct Platoon Command Post
CMP 15cwt Truck
Infantry Section
6-pounder Anti-tank Gun Team
Selects CMP 15cwt Supply Run
Construct Company Command Post
Selects Reinforced Resource Caches
Matilda II Heavy Tank
Armored Vehicle Training
Infantry Training
Particycles
banksss33
yellow291244
Foo
Siskin
pupil3030
0
0
Comments
sign in to comment!
No comments posted yet!